 Dungeon Sprint DCSS version 0.26.1 (webtiles) character file.

Game seed: 13765139899987112183

10600000 Groucho the Conqueror (level 27, -21/273 HPs)
             Began as a Grey Draconian Abyssal Knight on Feb 8, 2021.
             Was the Champion of Makhleb.
             Demolished by The Servant
             ... wielding a +9 glaive of flaming
              (33 damage)
             ... in the Dungeon (Sprint VIII: "Arena of Blood").
             The game lasted 00:09:50 (106 turns).

Groucho the Conqueror (DrAK)                         Turns: 106, Time: 00:09:51

Health: -21/273    AC: 18    Str: 18    XL:     27
Magic:  30/54      EV: 35    Int: 14    God:    Makhleb [******]
Gold:   0          SH:  0    Dex: 19    Spells: 80/80 levels left

rFire    . . .     SeeInvis .   h - +∞ Axe of Woe
rCold    . . .     Faith    .   (shield currently unavailable)
rNeg     . . .     Spirit   .   (armour unavailable)
rPois    .         Reflect  .   (helmet restricted)
rElec    .         Harm     .   (no cloak)
rCorr    .         Rampage  .   (no gloves)
Will     ++...     NoTele   +   (no boots)
Stlth    ++++++++++             (no amulet)
HPRegen  0.55/turn              (no ring)
MPRegen  0.34/turn              (no ring)

@: marked
A: walk through water, unfitting armour, unbreathing, cold-blooded, AC +18
a: Renounce Religion, Minor Destruction, Lesser Servant of Makhleb, Major
Destruction, Greater Servant of Makhleb


You were in the Dungeon.
You worshipped Makhleb.
Makhleb was exalted by your worship.
You visited 1 branch

Inventory:

Hand Weapons
 a - a +1 hand axe
 h - the +∞ Axe of Woe (weapon)
   (You found it in the Dungeon)
Jewellery
 i - a +30 ring of slaying
Scrolls
 g - a scroll of blinking
Potions
 b - a potion of curing
 c - a potion of heal wounds
 d - a potion of haste
 e - 2 potions of magic
 f - a potion of berserk rage


   Skills:
 O Level 27 Fighting
 O Level 27 Short Blades
 O Level 27 Long Blades
 O Level 27 Axes
 O Level 27 Maces & Flails
 O Level 27 Polearms
 O Level 27 Staves
 O Level 27 Slings
 O Level 27 Bows
 O Level 27 Crossbows
 O Level 27 Throwing
 O Level 27 Dodging
 O Level 27 Stealth
 O Level 27 Shields
 O Level 27 Unarmed Combat
 O Level 27 Spellcasting
 O Level 27 Conjurations
 O Level 27 Hexes
 O Level 27 Summonings
 O Level 27 Necromancy
 O Level 27 Translocations
 O Level 27 Transmutations
 O Level 27 Fire Magic
 O Level 27 Ice Magic
 O Level 27 Air Magic
 O Level 27 Earth Magic
 O Level 27 Poison Magic
 O Level 27 Invocations
 O Level 27 Evocations


You had 80 spell levels left.
You didn't know any spells.
Your spell library was empty.

Dungeon Overview and Level Annotations

Branches:
Dungeon (1/1)

Altars:
Makhleb

Annotations:
D The Servant


Innate Abilities, Weirdness & Mutations

You can walk through water.
Your dull iron-grey scales are very hard. (AC +18)
You cannot fit into any form of body armour.
You can survive without breathing.
You are cold-blooded and may be slowed by cold attacks.


Message History

You kill the bag of meat!
Makhleb accepts your kill.
You feel better.
The accursed points at you and mumbles some strange words.
Something smites you!
The dread calls on the powers of darkness!
The bag of meat convulses! x4; Something is bathed in an unholy light!
The bag of meat convulses! x6; Your body is wracked with pain!
The bag of meat convulses!
Something is bathed in an unholy light!
The bag of meat convulses!
The eight-headed meat hydra convulses!
Something is bathed in an unholy light!
The Servant convulses!
The bag of meat convulses! x4; The scourge convulses!
Something is bathed in an unholy light!
The bag of meat convulses!
The scourge convulses!
The large bag of meat convulses!
Flame seeps out of the large bag of meat.
The bag of meat convulses! x3; Something is bathed in an unholy light!
The Servant hits you from afar with a +9 glaive of flaming!!!!
* * * LOW HITPOINT WARNING * * *
The Servant burns you!!
You die...

.o.......
....Sox.. #.
x.Mo.# #.. o..o#
.X .###..
VM.###{oo
..o.o.###)oo☼Vzoo


.{..ooooW))VXLo. ..#oMo))#§§°○.X #_o{)@# O.... #oo@DX# .oO. .DLzXxoz.)X. OW.
..oooO###SLx...oo .###{o X.X###.§. #§° §XX# . #. .XM# .. ..L.X You could see 4
accurseds, 3 tyrants, The Servant, 2 eight-headed meat hydras, a destroyer, 2
scourges, 2 sculptors of flesh, a large bag of meat (inner flame), 8 large
abominations, a dread, 3 small abominations and 20 bags of meat.

Vanquished Creatures
  Sigmund (D)
  17 hell beasts (D)
  7 royal mummies (D)
  7 wraiths (D)
  20 vampire knights (D)
  65 ogres (D)
  6 two-headed ogres (D)
  5 liches (D)
  A hydra (D)
  58 orcs (D)
  4 phantoms (D)
  7 skeletal warriors (D)
  13 small abominations (D)
  8 large abominations (D)
  22 crawling corpses (D)
241 creatures vanquished.

Vanquished Creatures (others)
  5 ogres (D)
  9 two-headed ogres (D)
  2 hydras (D)
  24 orcs (D)
  17 crawling corpses (D)
57 creatures vanquished.

Grand Total: 298 creatures vanquished

Notes
Turn   | Place    | Note
-------+----------+-------------------------------------------
     0 | D        | Found the +∞ Axe of Woe
     0 | D        | Groucho the Draconian Abyssal Knight began the quest for
                  | the Orb.
     0 | D        | Reached XP level 1. HP: 19/19 MP: 2/2
     2 | D        | Noticed a bag of meat
     3 | D        | Noticed a bag of meat
     3 | D        | Noticed a meat berserker
     4 | D        | Killed a bag of meat
     4 | D        | Noticed a bag of meat
     5 | D        | Reached XP level 2. HP: 60/60 MP: 2/7
     5 | D        | Reached XP level 3. HP: 67/67 MP: 2/9
     5 | D        | Reached XP level 4. HP: 75/75 MP: 2/10
     5 | D        | Reached XP level 5. HP: 82/82 MP: 2/12
     5 | D        | Reached XP level 6. HP: 91/91 MP: 2/13
     5 | D        | Your scales start taking on a dull iron-grey colour.
     5 | D        | Reached XP level 7. HP: 97/97 MP: 2/14
     5 | D        | Gained mutation: You can survive without breathing. [Grey
                  | Draconian growth]
     5 | D        | Reached XP level 8. HP: 106/106 MP: 2/15
     5 | D        | Reached XP level 9. HP: 113/113 MP: 2/16
     5 | D        | Reached XP level 10. HP: 122/122 MP: 2/17
     5 | D        | Reached XP level 11. HP: 128/128 MP: 2/18
     5 | D        | Noticed a bag of meat
     8 | D        | Killed a meat berserker
     8 | D        | Reached ** piety under Lugonu
     8 | D        | Noticed a bag of meat
     8 | D        | Noticed a meat berserker
     9 | D        | Reached skill level 15 in Axes
     9 | D        | Reached skill level 15 in Dodging
     9 | D        | Reached XP level 12. HP: 128/149 MP: 2/21
     9 | D        | Reached XP level 13. HP: 135/157 MP: 2/22
     9 | D        | Killed a bag of meat
    10 | D        | Reached skill level 27 in Fighting
    10 | D        | Reached XP level 14. HP: 145/168 MP: 2/24
    10 | D        | Fell from the grace of Lugonu
    10 | D        | Became a worshipper of Makhleb the Destroyer
    10 | D        | Noticed a meat berserker
    10 | D        | Noticed a bag of meat
    11 | D        | Killed a bag of meat
    11 | D        | Killed a bag of meat
    11 | D        | Reached * piety under Makhleb
    12 | D        | Reached skill level 15 in Invocations
    12 | D        | Reached XP level 15. HP: 174/174 MP: 3/26
    12 | D        | Killed a meat berserker
    12 | D        | Noticed a meat berserker
    13 | D        | Reached XP level 16. HP: 183/183 MP: 3/29
    13 | D        | Noticed a meat berserker
    13 | D        | Noticed a meat berserker
    14 | D        | Killed a meat berserker
    14 | D        | Reached ** piety under Makhleb
    15 | D        | Reached skill level 27 in Axes
    16 | D        | Killed a meat berserker
    17 | D        | Reached skill level 27 in Dodging
    17 | D        | Reached XP level 17. HP: 191/191 MP: 4/32
    17 | D        | Noticed a large bag of meat
    19 | D        | Killed a meat berserker
    19 | D        | Noticed a meat berserker
    20 | D        | Killed a meat berserker
    20 | D        | Reached *** piety under Makhleb
    21 | D        | Reached skill level 27 in Invocations
    21 | D        | Reached XP level 18. HP: 200/200 MP: 4/35
    21 | D        | Noticed a destroyer
    23 | D        | Noticed a meat berserker
    23 | D        | Noticed a large bag of meat
    24 | D        | Reached skill level 27 in Unarmed Combat
    24 | D        | Reached skill level 10 in Spellcasting
    24 | D        | Noticed a meat berserker
    26 | D        | Noticed a destroyer
    26 | D        | Reached **** piety under Makhleb
    27 | D        | Reached XP level 19. HP: 207/207 MP: 6/43
    27 | D        | Killed a meat berserker
    28 | D        | Killed a large bag of meat
    28 | D        | Killed a destroyer
    28 | D        | Reached ***** piety under Makhleb
    28 | D        | Noticed a meat berserker
    29 | D        | Reached skill level 27 in Spellcasting
    29 | D        | Reached XP level 20. HP: 165/216 MP: 6/51
    29 | D        | Noticed a large bag of meat
    30 | D        | Killed a meat berserker
    30 | D        | Killed a meat berserker
    30 | D        | Killed a large bag of meat
    30 | D        | Noticed a destroyer
    31 | D        | Reached XP level 21. HP: 189/224 MP: 7/52
    33 | D        | Reached XP level 22. HP: 228/233 MP: 7/53
    33 | D        | Reached ****** piety under Makhleb
    33 | D        | Noticed a destroyer
    34 | D        | Killed a destroyer
    36 | D        | Reached skill level 27 in Short Blades
    36 | D        | Reached skill level 27 in Long Blades
    36 | D        | Reached skill level 27 in Maces & Flails
    36 | D        | Reached skill level 27 in Polearms
    37 | D        | Reached XP level 23. HP: 221/240 MP: 8/54
    39 | D        | Reached skill level 15 in Staves
    39 | D        | Killed a destroyer
    40 | D        | Reached XP level 24. HP: 247/249 MP: 9/54
    40 | D        | Killed a destroyer
    41 | D        | Killed a large bag of meat
    42 | D        | Reached skill level 27 in Staves
    42 | D        | Reached XP level 25. HP: 226/257 MP: 9/54
    42 | D        | Noticed a large bag of meat
    43 | D        | Reached skill level 27 in Bows
    43 | D        | Reached skill level 27 in Crossbows
    43 | D        | Reached skill level 27 in Throwing
    43 | D        | Reached skill level 10 in Shields
    43 | D        | Reached skill level 10 in Conjurations
    44 | D        | Noticed a large bag of meat
    44 | D        | Noticed an accursed
    45 | D        | Noticed a destroyer
    46 | D        | Killed a large bag of meat
    46 | D        | Noticed a large bag of meat
    46 | D        | Noticed a destroyer
    48 | D        | Reached skill level 15 in Slings
    48 | D        | Reached skill level 15 in Hexes
    49 | D        | Reached XP level 26. HP: 197/266 MP: 11/54
    49 | D        | Noticed an accursed
    49 | D        | Noticed an accursed
    52 | D        | Killed a destroyer
    52 | D        | Killed a large bag of meat
    53 | D        | Killed an accursed
    54 | D        | Reached XP level 27. HP: 119/273 MP: 12/54
    54 | D        | Killed a large bag of meat
    55 | D        | Reached skill level 27 in Slings
    55 | D        | Reached skill level 27 in Shields
    55 | D        | Reached skill level 27 in Conjurations
    55 | D        | Reached skill level 27 in Hexes
    56 | D        | Killed a destroyer
    57 | D        | Reached skill level 15 in Summonings
    57 | D        | Reached skill level 15 in Necromancy
    57 | D        | Reached skill level 15 in Translocations
    57 | D        | Reached skill level 15 in Transmutations
    57 | D        | Killed an accursed
    58 | D        | Noticed an accursed
    61 | D        | Noticed a destroyer
    63 | D        | Killed an accursed
    63 | D        | Noticed a meat beast
    64 | D        | Reached skill level 27 in Summonings
    64 | D        | Reached skill level 27 in Necromancy
    64 | D        | Reached skill level 27 in Translocations
    64 | D        | Reached skill level 27 in Transmutations
    64 | D        | Noticed a dread
    65 | D        | Killed a destroyer
    65 | D        | Noticed The Captor
    66 | D        | Killed a meat beast
    67 | D        | Reached skill level 27 in Fire Magic
    67 | D        | Reached skill level 27 in Ice Magic
    67 | D        | Reached skill level 27 in Air Magic
    67 | D        | Reached skill level 27 in Earth Magic
    67 | D        | Noticed a meat beast
    67 | D        | Noticed a dread
    68 | D        | Noticed a meat beast
    69 | D        | Killed a meat beast
    69 | D        | Killed an accursed
    70 | D        | Reached skill level 27 in Poison Magic
    70 | D        | Reached skill level 27 in Evocations
    70 | D        | Reached skill level 27 in Stealth
    70 | D        | Noticed a dread
    71 | D        | Killed The Captor
    71 | D        | Killed a dread
    72 | D        | Noticed a large bag of meat
    72 | D        | Noticed an accursed
    72 | D        | Noticed a tyrant
    73 | D        | Killed a meat beast
    73 | D        | Killed a dread
    73 | D        | Noticed a meat beast
    74 | D        | Killed an accursed
    74 | D        | Noticed an accursed
    74 | D        | Noticed an accursed
    74 | D        | Noticed a meat beast
    74 | D        | Noticed a large bag of meat
    75 | D        | Killed a dread
    75 | D        | Noticed a large bag of meat
    75 | D        | Noticed a dread
    76 | D        | Noticed a meat beast
    76 | D        | Killed a meat beast
    76 | D        | Noticed a tyrant
    76 | D        | Noticed a tyrant
    76 | D        | Noticed a dread
    77 | D        | Noticed a dread
    77 | D        | Noticed a meat beast
    77 | D        | Noticed a meat beast
    78 | D        | Noticed a meat beast
    78 | D        | Killed a meat beast
    78 | D        | Killed a tyrant
    78 | D        | Noticed a destroyer
    78 | D        | Noticed a large bag of meat
    78 | D        | Noticed a meat beast
    79 | D        | Killed a meat beast
    79 | D        | Noticed a dread
    80 | D        | Noticed a large bag of meat
    81 | D        | Noticed an accursed
    81 | D        | Killed a meat beast
    81 | D        | Noticed a dread
    81 | D        | Noticed a destroyer
    82 | D        | Noticed a meat beast
    82 | D        | Killed a meat beast
    82 | D        | Killed a meat beast
    82 | D        | Noticed a tyrant
    82 | D        | Killed a large bag of meat
    84 | D        | Killed a meat beast
    84 | D        | Killed a large bag of meat
    84 | D        | HP: 2/273 [accursed/divine providence (12)]
    85 | D        | Noticed a destroyer
    86 | D        | Killed a destroyer
    86 | D        | Noticed a meat beast
    86 | D        | Noticed a meat beast
    87 | D        | Noticed a meat beast
    87 | D        | Killed a dread
    87 | D        | Killed a large bag of meat
    87 | D        | Noticed a destroyer
    87 | D        | Killed a large bag of meat
    88 | D        | Killed a tyrant
    88 | D        | Killed a meat beast
    88 | D        | Noticed a destroyer
    89 | D        | Noticed a meat beast
    89 | D        | HP: 13/273 [??? (10)]
    90 | D        | Killed an accursed
    90 | D        | Noticed a destroyer
    91 | D        | Noticed a destroyer
    91 | D        | Killed a meat beast
    91 | D        | Killed a destroyer
    91 | D        | Killed a dread
    91 | D        | Killed a large bag of meat
    91 | D        | Noticed an accursed
    91 | D        | Noticed an accursed
    91 | D        | Killed a large bag of meat
    91 | D        | HP: 2/273 [tyrant/the air (40)]
    92 | D        | Noticed The Servant
    92 | D        | Killed a destroyer
    92 | D        | Killed a destroyer
    92 | D        | Noticed a meat beast
    92 | D        | Noticed a destroyer
    92 | D        | Killed a large bag of meat
    92 | D        | Killed a large bag of meat
    92 | D        | Noticed a destroyer
    93 | D        | Killed a tyrant
    93 | D        | Killed a dread
    93 | D        | Killed a meat beast
    93 | D        | Killed a large bag of meat
    93 | D        | Noticed an accursed
    93 | D        | Noticed a destroyer
    93 | D        | Noticed a destroyer
    94 | D        | Killed a meat beast
    94 | D        | Killed a meat beast
    94 | D        | Killed a destroyer
    94 | D        | Noticed a tyrant
    95 | D        | Killed a meat beast
    95 | D        | Killed a destroyer
    95 | D        | Noticed a tyrant
    96 | D        | Noticed an accursed
    96 | D        | Killed a destroyer
    96 | D        | Noticed a destroyer
    96 | D        | Noticed an accursed
    98 | D        | Killed a destroyer
    99 | D        | Killed a destroyer
    99 | D        | Killed a destroyer
   100 | D        | Noticed a meat beast
   100 | D        | Killed an accursed
   101 | D        | Noticed a destroyer
   101 | D        | Killed a meat beast
   101 | D        | Noticed a destroyer
   102 | D        | Noticed a tyrant
   103 | D        | Killed a dread
   103 | D        | Noticed a tyrant
   104 | D        | Killed a tyrant
   104 | D        | Noticed an accursed
   105 | D        | Noticed a large bag of meat
   105 | D        | Killed a destroyer
   105 | D        | Killed a destroyer
   105 | D        | Killed a destroyer
   105 | D        | Killed a tyrant
   106 | D        | Noticed a tyrant
   106 | D        | HP: 12/273 [The Servant/+9 glaive of flaming (79)]
   106 | D        | Demolished by The Servant

Illustrated notes

Levels and vault maps discovered:
D:        meatsprint

Skill      XL: |  1  2  3  4  5  6  7  8  9 10 11 12 13 14 15 16 17 18 19 20 21 22 23 24 25 26 27 |
---------------+----------------------------------------------------------------------------------+-----
Fighting       | 21 26 27 | 27.0
Axes           | 12 15 17 21 25 27 | 27.0
Dodging        | 12 15 17 20 23 27 | 27.0
Invocations    | 9 12 13 15 18 22 27 | 27.0
Unarmed Combat | 12 23 27 | 27.0
Spellcasting   | 20 27 | 27.0
Short Blades   | 14 21 24 27 | 27.0
Long Blades    | 14 21 24 27 | 27.0
Maces & Flails | 14 21 24 27 | 27.0
Polearms       | 14 21 24 27 | 27.0
Staves         | 14 21 27 | 27.0
Bows           | 13 20 26 27 | 27.0
Crossbows      | 13 20 26 27 | 27.0
Throwing       | 13 20 26 27 | 27.0
Slings         | 17 24 27 | 27.0
Shields        | 18 26 27 | 27.0
Conjurations   | 18 26 27 | 27.0
Hexes          | 17 24 27 | 27.0
Summonings     | 27 | 27.0
Necromancy     | 27 | 27.0
Translocations | 27 | 27.0
Transmutations | 27 | 27.0
Fire Magic     | 27 | 27.0
Ice Magic      | 27 | 27.0
Air Magic      | 27 | 27.0
Earth Magic    | 27 | 27.0
Poison Magic   | 27 | 27.0
Evocations     | 27 | 27.0
Stealth        | 27 | 27.0

Action                   |  1- 3 |  4- 6 |  7- 9 | 10-12 | 13-15 | 16-18 | 19-21 | 22-24 | 25-27 || total
-------------------------+-------+-------+-------+-------+-------+-------+-------+-------+-------++-------
Melee: Executioner's axe |     1 |       |       |     1 |     3 |     7 |     4 |     9 |    55 ||    80
Armor: Skin              |       |       |       |       |       |       |       |       |    19 ||    19
Dodge: Dodged            |       |       |       |       |       |       |     1 |       |    30 ||    31
